 Dungeon Crawl Stone Soup version 0.13-a0-2261-g830e84e (webtiles) character file.

2142 Drahman the Covered (level 8, -7/73 HPs)
             Began as a Deep Dwarf Fighter on July 6, 2013.
             Was an Elder of Cheibriados.
             Mangled by a sun demon (12 damage)
             ... summoned by an orc sorcerer
             ... on Level 2 of the Orcish Mines.
             The game lasted 00:22:45 (5077 turns).

Drahman the Covered (Deep Dwarf Fighter)            Turns: 5077, Time: 00:22:46

HP  -7/73        AC 10     Str 30      XL: 8   Next: 58%
MP  11/11        EV  7     Int 19      God: Cheibriados [****..]
Gold 583         SH 26     Dex 18      Spells:  0 memorised, 12 levels left

Res.Fire  : . . .   See Invis. : .   a - +0,+1 dwarf hand axe {=f}
Res.Cold  : . . .   Warding    : .   b - +0 dwarf scale mail
Life Prot.: . . .   Conserve   : .   c - +0 dwarf shield (curse)
Res.Poison: .       Res.Corr.  : .   o - +0 cap
Res.Elec. : .       Clarity    : .   (no cloak)
Sust.Abil.: . .     Spirit.Shd : .   k - +0 pair of gauntlets
Res.Mut.  : .       Stasis     : +   (no boots)
Res.Rott. : .       Flight     : .   l - amulet of stasis
Saprovore : . . .                    m - cursed -3 ring of dexterity
                                     i - ring of protection from magic

@: non-regenerating, very poisoned, weakened, very slow, quite resistant to
hostile enchantments, extremely unstealthy
A: damage resistance, recharge devices, sense surroundings 1, slow healing 3
a: Device Recharging, Bend Time, Temporal Distortion, Slouch, Renounce Religion


You were on level 2 of the Orcish Mines.
You worshipped Cheibriados.
Cheibriados was extremely pleased with you.
You were hungry.

You visited 2 branches of the dungeon, and saw 9 of its levels.

You collected 633 gold pieces.
You spent 70 gold pieces at shops.

Inventory:

Hand weapons
 a - a +0,+1 dwarven hand axe (weapon) {=f}
 A - a +1,+0 orcish battleaxe of flaming
Armour
 b - a +0 dwarven scale mail (worn)
 c - a cursed +0 dwarven shield (worn)
 k - a +0 pair of gauntlets (worn)
 o - a +0 cap (worn)
Magical devices
 d - a wand of heal wounds (1)
 j - a wand of magic darts (6)
 n - a wand of digging (18) {unknown}
 z - a wand of flame (0)
 B - a wand of lightning (0)
Comestibles
 f - 5 bread rations
 g - 3 meat rations
 h - 3 apples
 p - a choko
 q - a pear
 u - a honeycomb
 C - a rotting chunk of orc flesh
Scrolls
 r - a scroll of fear {unknown}
 s - a scroll of magic mapping
 w - a scroll of identify
 x - a scroll of teleportation
 y - a scroll of remove curse
Jewellery
 e - an uncursed amulet of faith
 i - a ring of protection from magic (left hand)
 l - an amulet of stasis (around neck)
 m - a cursed -3 ring of dexterity (right hand)
Potions
 v - 2 potions of agility


   Skills:
 + Level 4.7 Fighting
 + Level 4.9 Axes
 * Level 7.1 Armour
 + Level 6.0 Shields
 + Level 2.9 Spellcasting
 + Level 4.7 Evocations


You had 12 spell levels left.
You didn't know any spells.

Dungeon Overview and Level Annotations

Branches:
Dungeon (7/27)             Temple (0/1) D:5             Orc (2/4) D:7

Altars:
Cheibriados
Trog
Yredelemnul
the Shining One

Shops:
Orc:1: !


Innate Abilities, Weirdness & Mutations

You are resistant to damage.
You can recharge devices by infusing magical energy.
You passively map a small area around you.
You do not heal naturally.


Message History

The sun demon hits you.
You are engulfed in flames!
You hit the orc sorcerer.
The orc sorcerer is severely wounded.
You closely miss the sun demon.
The orc sorcerer hits you with a runed orcish dagger.
The sun demon hits you but does no damage.
The red devil hits you from afar with a trident.
You barely miss the orc sorcerer.
The orc sorcerer is severely wounded.
You barely miss the sun demon. The sun demon hits you!
You are engulfed in flames!
* * * LOW HITPOINT WARNING * * *
The orc sorcerer barely misses you. You block the red devil's attack.
You hit the sun demon but do no damage. You barely miss the orc sorcerer.
The orc sorcerer is severely wounded.
You feel a little better. The sun demon hits you!
* * * LOW HITPOINT WARNING * * *
You are engulfed in flames!
You die...

#.....#...))).
#.............
##....#.......
##...#.........
#........#.....
##.............
#####4#.#.#..#...
##o#.#..##.....##.
#@34........... .
##.#.#.........
#######..##.# *
,...# # * ..... ,
##.# * # *


You could see a sun demon, a red devil and an orc sorcerer.

Vanquished Creatures
  Eustachio (D:5)
  2 orc warriors (Orc:1)
  An ogre (Orc:2)
  Sigmund (D:2)
  2 giant frogs (D:6)
  A centaur (D:6)
  Blork the orc (D:6)
  4 crimson imps
  An orc priest (Orc:1)
  An iron imp (D:5)
  3 orc wizards
  2 quasits (D:5)
  2 centaur skeletons (D:4)
  An iguana (D:7)
  A scorpion (D:6)
  3 worker ants
  8 adders
  An inept item mimic (D:7)
  2 giant mites
  2 white imps (D:5)
  A worm (D:5)
  3 grey rats (D:5)
  A giant eyeball (D:4)
  2 giant geckos
  An ooze (D:2)
  24 orcs
  A ball python (D:1)
  A bat skeleton (D:4)
  3 giant cockroaches
  24 goblins
  9 hobgoblins
  3 jackals (D:3)
  10 bats
  9 giant newts
  A giant spore (D:6)
  A goblin skeleton (D:4)
  14 kobolds
  2 kobold zombies (D:5)
  5 quokkas
  11 rats
  A rat skeleton (D:6)
  2 ballistomycetes (D:6)
169 creatures vanquished.

Vanquished Creatures (others)
  A bat (D:6)
  A rat (D:2)
2 creatures vanquished.

Grand Total: 171 creatures vanquished

Notes
Turn   | Place    | Note
--------------------------------------------------------------
     0 | D:1      | Drahman, the Deep Dwarf Fighter, began the quest for the Orb.
     0 | D:1      | Reached XP level 1. HP: 21/21 MP: 0/0
   137 | D:1      | Reached XP level 2. HP: 24/28 MP: 1/1
   514 | D:1      | Reached XP level 3. HP: 30/36 MP: 2/2
   554 | D:2      | Reached skill level 4 in Armour
   784 | D:2      | Noticed Sigmund
   807 | D:2      | Killed Sigmund
   807 | D:2      | Reached skill level 1 in Spellcasting
   807 | D:2      | Reached XP level 4. HP: 37/43 MP: 4/4
  1074 | D:2      | Reached XP level 5. HP: 33/50 MP: 5/5
  1734 | D:3      | Reached skill level 5 in Armour
  2073 | D:4      | Reached skill level 1 in Evocations
  2114 | D:4      | Found a snail-covered altar of Cheibriados.
  2123 | D:4      | Became a worshipper of Cheibriados the Contemplative
  2149 | D:4      | Reached XP level 6. HP: 36/57 MP: 6/6
  2689 | D:5      | Entered Level 5 of the Dungeon
  2759 | D:5      | Noticed Eustachio
  2787 | D:5      | Acquired Cheibriados' first power
  2799 | D:5      | Killed Eustachio
  3042 | D:5      | Reached XP level 7. HP: 46/64 MP: 9/9
  3206 | D:5      | Found a staircase to the Ecumenical Temple.
  3450 | D:6      | Reached skill level 5 in Shields
  3591 | D:6      | Noticed a moth of wrath
  3593 | D:6      | Found a bloodstained altar of Trog.
  3813 | D:6      | Noticed Blork the orc
  3826 | D:6      | Killed Blork the orc
  3826 | D:6      | Reached skill level 6 in Armour
  3841 | D:6      | Found a basalt altar of Yredelemnul.
  3841 | D:6      | Found a glowing golden altar of the Shining One.
  3846 | D:6      | Noticed a profane servitor
  3856 | D:6      | Noticed an angel
  4093 | D:6      | Reached XP level 8. HP: 22/72 MP: 12/12
  4480 | D:7      | Found a staircase to the Orcish Mines.
  4491 | Orc:1    | Entered Level 1 of the Orcish Mines
  4518 | Orc:1    | Acquired Cheibriados' second power
  4651 | Orc:1    | Reached skill level 7 in Armour
  4756 | Orc:1    | Found Twyocs' Distillery.
  4764 | Orc:1    | Bought a potion of curing for 28 gold pieces
  4783 | Orc:1    | Bought a potion of restore abilities for 42 gold pieces
  5009 | Orc:2    | Acquired Cheibriados' third power
  5031 | Orc:2    | Noticed an orc sorcerer
  5041 | Orc:2    | Noticed an orange demon
  5043 | Orc:2    | Noticed a red devil
  5065 | Orc:2    | Noticed a sun demon
  5074 | Orc:2    | Noticed a red devil
  5077 | Orc:2    | Mangled by a sun demon

Action                   |  1- 3 |  4- 6 |  7- 9 || total
-------------------------+-------+-------+-------++-------
Melee: Hand axe          |    83 |   202 |   295 ||   580
 Abil: Device Recharging |       |       |     2 ||     2
Evoke: Wand              |     2 |     4 |    20 ||    26
  Use: Scroll            |     5 |     9 |       ||    14
       Potion            |       |     5 |     5 ||    10
